 Dungeon Crawl Stone Soup version 0.27-a0-1196-g3e9cee4cb2 (webtiles) character file.

Game seed: 9287889399597995020

90976 EnegeticOcto the Sharpshooter (level 15, 35/149 HPs)
             Began as a Troll Earth Elementalist on May 27, 2021.
             Was a Follower of Lugonu.
             Quit the game on level 15 of the Dungeon.
             The game lasted 00:38:40 (19460 turns).

EnegeticOcto the Sharpshooter (TrEE)               Turns: 19460, Time: 00:38:41

Health: 35/149     AC: 17    Str: 22    XL:     15   Next: 53%
Magic:  15/15      EV: 10    Int: 11    God:    Lugonu [*.....]
Gold:   2154       SH:  0    Dex: 13    Spells: 13/16 levels left

rFire    + . .     SeeInvis .     - Unarmed
rCold    + . .     Faith    .   (no shield)
rNeg     + . .     Spirit   .   W - +0 acid dragon scales
rPois    .         Reflect  .   K - +2 hat of the Echidna {rF+ rC+ rN+}
rElec    .         Harm     .   D - +2 cloak
rCorr    +         Rampage  .   (gloves unavailable)
Will     ++...                  (boots unavailable)
Stlth    ++........             T - amulet of regeneration
HPRegen  2.34/turn              V - +4 ring of protection
MPRegen  0.14/turn              C - ring of willpower

@: mildly poisoned (35 -> 34)
A: large, unfitting armour, claws 3, regeneration 1, shaggy fur 1, tough skin 1
a: Renounce Religion, Depart the Abyss


You were on level 15 of the Dungeon.
You worshipped Lugonu.
Lugonu was aware of your devotion.
You visited 3 branches of the dungeon, and saw 23 of its levels.
You visited the Abyss 1 time.

You collected 4590 gold pieces.
You spent 2436 gold pieces at shops.

Inventory:

Hand Weapons
 b - the +6 arbalest "Damnation" {damnation}
   (You acquired it on level 3 of the Dungeon)
 w - a +7 arbalest of freezing
   (You found it on level 9 of the Dungeon)
 E - a +4 quarterstaff of protection
   (You took it off Crazy Yiuf on level 6 of the Dungeon)
Missiles
 j - 70 boomerangs (quivered)
 l - 49 bolts
 H - 12 curare-tipped darts
Armour
 k - a +2 robe of willpower
   (You found it on level 1 of the Lair of Beasts)
 D - a +2 cloak (worn)
   (You took it off Crazy Yiuf on level 6 of the Dungeon)
 I - a +0 kite shield
   (You took it off a gnoll sergeant on level 8 of the Dungeon)
 K - the +2 hat of the Echidna (worn) {rF+ rC+ rN+}
   (You found it on level 5 of the Lair of Beasts)

   It protects you from fire.
   It protects you from cold.
   It protects you from negative energy.
 S - a +0 troll leather armour
   (You found it on level 9 of the Dungeon)
 W - +0 acid dragon scales (worn)
   (You found it on level 11 of the Dungeon)
Jewellery
 i - the amulet of Temperance {Acrobat rPois rN+ Dex+4}
   (You found it on level 1 of the Lair of Beasts)

   [amulet of the acrobat]

   It increases your evasion while moving and waiting.
   It affects your dexterity (+4).
   It protects you from poison.
   It protects you from negative energy.
 C - a ring of willpower (right claw)
   (You bought it in a shop on level 2 of the Orcish Mines)
 J - a ring of protection from cold
   (You found it on level 5 of the Lair of Beasts)
 M - a ring of resist corrosion
   (You found it on level 6 of the Lair of Beasts)
 R - a ring of see invisible
   (You found it on level 13 of the Dungeon)
 T - an amulet of regeneration (around neck)
   (You found it on level 5 of the Dungeon)
 U - a ring of poison resistance
   (You bought it in a shop on level 10 of the Dungeon)
 V - a +4 ring of protection (left claw)
   (You bought it in a shop on level 2 of the Orcish Mines)
Wands
 d - a wand of polymorph (29)
   (You found it on level 9 of the Dungeon)
 r - a wand of acid (11) {@v1}
   (You took it off Ijyb on level 4 of the Dungeon)
 s - a wand of flame (125) {@v4}
   (You found it on level 4 of the Dungeon)
 y - a wand of digging (5) {@v3}
   (You found it on level 6 of the Lair of Beasts)
 F - a wand of mindburst (30)
   (You found it on level 7 of the Dungeon)
 O - a wand of iceblast (32) {@v2}
   (You took it off a wight on level 8 of the Dungeon)
 P - a wand of paralysis (6)
   (You found it on level 9 of the Dungeon)
Scrolls
 a - 5 scrolls of fog {!r}
 f - 12 scrolls of teleportation {@r3 !r}
 g - a scroll of magic mapping {@r5 !r}
 m - 2 scrolls of fear {!r}
 q - 4 scrolls of immolation
 t - 5 scrolls of holy word
 u - 2 scrolls of identify {@r1}
 v - 2 scrolls of blinking {@r4}
 A - a scroll of enchant armour
 N - 3 scrolls of amnesia
Potions
 c - 3 potions of might {@q3 !q}
 e - 2 potions of attraction
 h - 6 potions of flight
 n - 6 potions of curing {@q1 !q}
 o - 4 potions of haste {@q4 !q}
 p - 4 potions of heal wounds {@q2 !q}
 x - a potion of resistance
 z - 3 potions of lignification {@q6}
 B - a potion of mutation
 L - 2 potions of cancellation
 Q - 4 potions of berserk rage
 X - 2 potions of invisibility
 Y - a potion of magic
Miscellaneous
 G - a phantom mirror (inert)
   (You found it on level 5 of the Lair of Beasts)


   Skills:
 - Level 10.0 Fighting
 + Level 15.3 Crossbows
 - Level 4.0 Dodging
 - Level 3.0 Stealth
 - Level 10.8 Unarmed Combat
 - Level 1.2 Spellcasting
 - Level 0.6 Transmutations
 - Level 2.6 Earth Magic


You had 13 spell levels left.
You knew the following spells:

 Your Spells              Type           Power      Damage    Failure   Level
a - Sandblast             Erth           12%        2d6       13%         1
p - Passwall              Tmut/Erth      3%         N/A       30%         2

Your spell library contained the following spells:

 Spells                   Type           Power      Damage    Failure   Level
 Corona                   Hex            0%         N/A       38%         1
 Magic Dart               Conj           0%         1d3       38%         1
 Summon Small Mammal      Summ           0%         N/A       38%         1
 Call Imp                 Summ           0%         N/A       52%         2
 Ensorcelled Hibernation  Hex/Ice        0%         N/A       52%         2
 Searing Ray              Conj           0%         3d3       52%         2
 Sublimation of Blood     Necr           0%         N/A       52%         2
 Stone Arrow              Conj/Erth      6%         3d7       56%         3
 Call Canine Familiar     Summ           0%         N/A       77%         3
 Confusing Touch          Hex            0%         N/A       77%         3
 Dazzling Flash           Conj/Hex       0%         N/A       77%         3
 Summon Guardian Golem    Hex/Summ       0%         N/A       77%         3
 Tukima's Dance           Hex            0%         N/A       77%         3
 Petrify                  Tmut/Erth      4%         N/A       90%         4
 Ice Form                 Ice/Tmut       1%         N/A       98%         4
 Lee's Rapid Deconstruct  Erth           3%         3d6*      98%         5
 Animate Dead             Necr           0%         N/A       99%         4
 Dispel Undead            Necr           0%         3d6       99%         4
 Fulminant Prism          Conj/Hex       0%         3d6       99%         4
 Iskenderun's Mystic Bla  Conj/Tloc      0%         2d3       99%         4
 Summon Ice Beast         Ice/Summ       0%         N/A       99%         4
 Summon Lightning Spire   Summ/Air       0%         N/A       99%         4
 Alistair's Intoxication  Tmut/Pois      0%         N/A       100%        5
 Excruciating Wounds      Necr           0%         N/A       100%        5
 Freezing Cloud           Conj/Ice/Air   0%         6-21      100%        6
 Simulacrum               Ice/Necr       0%         N/A       100%        6
 Ozocubu's Refrigeration  Ice            0%         4d5       100%        7
 Chain Lightning          Conj/Air       0%         N/A       100%        8
 Lehudib's Crystal Spear  Conj/Erth      1%         10d2      100%        8
 Absolute Zero            Ice            0%         ∞         100%        9
 Fire Storm               Conj/Fire      0%         5d1       100%        9


Dungeon Overview and Level Annotations

Branches:
Dungeon (15/15)            Temple (0/1) D:5            Lair (6/6) D:11
  Swamp (0/4) Lair:2       Spider (0/4) Lair:4        Slime (0/5) Lair:6
    Orc (2/2) D:12            Elf (0/3) Orc:2
 Vaults: D:13-14     Depths: D:15

Altars:
Cheibriados
Dithmenos
Gozag
Kikubaaqudgha
Makhleb
Ru
Xom
Yredelemnul
Beogh
Jiyva

Shops:
D:10 *   D:13 *   Orc:1 [   Orc:2 (*?[=

Annotations:
Lair:1 3 runed translucent doors, EnegeticOcto's ghost, journeyman GnVM
Lair:4 3 runed translucent doors, Mexzic's ghost, journeyman TeCj
Lair:5 exclusion: 3 doors


Innate Abilities, Weirdness & Mutations

You are too large for most types of armour.
You have claws for hands.
Your natural rate of healing is unusually fast.
You are covered in fur. (AC +1)
You have tough skin. (AC +1)


Message History

You claw the brown ugly thing!
You kill the brown ugly thing!
Lugonu accepts your kill.
You feel sick.
You scratch the red ugly thing but do no damage.
The red ugly thing tail-slaps you!
You are engulfed in flames.
You resist.
You claw the red ugly thing!
The red ugly thing is lightly wounded.
You feel sick. The red ugly thing tail-slaps you!
You are engulfed in flames!
You resist.
You mangle the red ugly thing!!
The red ugly thing is heavily wounded.
You feel sick.
You mangle the red ugly thing!!
The red ugly thing is severely wounded.
You feel sick.
You are no longer poisoned.
The red ugly thing misses you.
You scratch the red ugly thing.
The red ugly thing is severely wounded.
The purple ugly thing basks in the mutagenic energy from its kin and changes!
The red ugly thing barely misses you.
You mangle the red ugly thing!!
You kill the red ugly thing!
Lugonu accepts your kill.
The red ugly thing basks in the mutagenic energy from its kin and changes!
You scratch the purple ugly thing but do no damage.
The purple ugly thing is severely wounded.
The purple ugly thing tentacle-slaps you but does no damage.
You claw the purple ugly thing!
The purple ugly thing is severely wounded.
The purple ugly thing tentacle-slaps you.
You scratch the purple ugly thing but do no damage.
The purple ugly thing is severely wounded.
You claw the purple ugly thing!
The purple ugly thing is almost dead.
The purple ugly thing barely misses you.
You closely miss the purple ugly thing. Your claw misses the purple ugly thing.
The purple ugly thing is almost dead.
The purple ugly thing tentacle-slaps you.
You scratch the purple ugly thing.
The purple ugly thing is almost dead.
The purple ugly thing tentacle-slaps you!
You claw the purple ugly thing!
You kill the purple ugly thing!
Lugonu accepts your kill.
You claw the red ugly thing!
The red ugly thing is heavily wounded.
You barely miss the red ugly thing.
The red ugly thing is heavily wounded.
You are no longer corroded.
The red ugly thing headbutts you!
You are engulfed in flames!
You resist.
You barely miss the red ugly thing. You claw the red ugly thing!
The red ugly thing is heavily wounded.
The cyan ugly thing basks in the mutagenic energy from its kin and changes!
The red ugly thing barely misses you.
You mangle the red ugly thing!!
The red ugly thing is almost dead.
You hear a horrible gurgling sound!
The red ugly thing headbutts you but does no damage.
You hear a horrible gurgling sound!
You scratch the red ugly thing.
The red ugly thing is almost dead.
The purple ugly thing basks in the mutagenic energy from its kin and changes!
The red ugly thing closely misses you.
You claw the red ugly thing!
You kill the red ugly thing!
Lugonu accepts your kill.
You closely miss the green ugly thing.
The green ugly thing is heavily wounded.
The green ugly thing bites you.
You are poisoned.
The green ugly thing poisons you!
You mangle the green ugly thing!!
The green ugly thing is almost dead.
You feel extremely sick.
You hear a horrible gurgling sound!
You hear a shout!
The green ugly thing bites you but does no damage.
You scratch the green ugly thing but do no damage.
The green ugly thing is almost dead.
You feel very sick.
You claw the green ugly thing!
You kill the green ugly thing!
Lugonu accepts your kill.
You feel very sick.
You claw the purple ugly thing!
The purple ugly thing is lightly wounded.
You feel very sick.
The green ugly thing basks in the mutagenic energy from its kin and changes!
You mangle the purple ugly thing!!
The purple ugly thing is moderately wounded.
You feel very sick.
You hear a horrible gurgling sound!
The purple ugly thing barely misses you.
A brown ugly thing comes into view.
You claw the purple ugly thing!
The purple ugly thing is heavily wounded.
You feel sick. The purple ugly thing misses you.
The brown ugly thing basks in the mutagenic energy from its kin and changes!
Are you sure you want to abandon this character and quit the game? (Confirm with "yes".)

##.#
#..#
##.##
#..#
#.## #.#
#.#
#.######
#..@uuu#
######u#
..u


#uuu. .#...# ...#.. .## # .# You could see 4 ugly things.

Vanquished Creatures
  Louise (D:14)
  An orc warlord (Orc:2)
  Snorg (Orc:2)
  Josephine (Lair:5)
  2 boulder beetles
  9 hydras
  2 catoblepae
  A death knight (D:12)
  A centaur warrior (D:14)
  A tengu warrior (D:14)
  3 two-headed ogres
  Urug (Orc:2)
  An orc high priest (Orc:2)
  5 skeletal warriors
  A lindwurm (Lair:4)
  A wizard (D:14)
  A phantasmal warrior (D:12)
  An orange crystal statue (D:9)
  A bog body (Lair:2)
  2 wolf spider zombies (D:13)
  4 oklob plants (Lair:3)
  A wolf spider (Lair:6)
  8 ugly things
  7 orc knights
  4 orc sorcerers
  8 cyclopes
  2 manticores
  7 elephants
  A guardian serpent (Lair:6)
  18 cane toads
  12 black mambas
  4 gargoyles
  Maggie (D:7)
  3 rime drakes
  A freezing wraith (D:12)
  8 komodo dragons
  A kobold demonologist (D:12)
  A tengu conjurer (D:14)
  An efreet (D:8)
  6 meliai
  2 jumping spiders (Lair:5)
  5 trolls
  A hornet (Lair:6)
  3 polar bears
  7 blink frogs
  11 slime creatures
  Prince Ribbit (Lair:3)
  5 dream sheep (Lair:5)
  A meliai zombie (D:13)
  17 wyverns
  3 redbacks (Lair:6)
  43 yaks
  3 shadows
  A golden eye (shapeshifter) (D:8)
  Grum (D:11)
  7 wraiths
  2 basilisks
  3 steam dragons
  4 vampire mosquitoes (D:13)
  6 wargs
  4 acid dragons
  A swamp worm (Lair:2)
  22 water moccasins
  A sky beast (D:5)
  39 orc warriors
  4 black bears
  A necrophage (D:7)
  11 ogres
  11 wolves
  9 centaurs
  Blork the orc (D:6)
  3 kobold brigands
  16 bullfrogs
  2 wyvern zombies
  4 gnoll sergeants
  3 scorpions
  A wyvern skeleton (D:7)
  4 wights
  9 howler monkeys
  An electric eel (Lair:2)
  A bullfrog zombie (D:6)
  16 centaur zombies
  2 hounds
  30 orc priests
  A centaur skeleton (D:6)
  3 jellies (D:7)
  3 gnoll shamans
  3 iguanas
  Crazy Yiuf (D:6)
  A bullfrog skeleton (D:6)
  Ijyb (D:4)
  Natasha (thrice) (D:3)
  23 orc wizards
  6 hell rats (Lair:2)
  2 killer bee zombies
  A hound zombie (D:5)
  A howler monkey zombie (D:10)
  26 gnolls
  2 adders
  2 shadow imps
  3 white imps
  An ufetubus (D:4)
  A worm (D:5)
  A dart slug (D:11)
  73 orcs
  7 ball pythons
  2 bat skeletons (D:12)
  4 bat zombies (D:12)
  5 endoplasms
  3 giant cockroaches
  8 hobgoblins
  4 jackals (D:2)
  12 kobolds
  4 quokkas
  3 bats
  4 frilled lizards
  12 goblins
  2 rats (D:1)
685 creatures vanquished.

Vanquished Creatures (collateral kills)
  A cane toad (Lair:6)
  A hornet (Lair:6)
2 creatures vanquished.

Vanquished Creatures (others)
  A cane toad (Lair:1)
  An orc wizard (D:6)
  3 bushes (D:14)
  16 fungi
  28 plants
49 creatures vanquished.

Grand Total: 736 creatures vanquished

Notes
Turn   | Place    | Note
-------+----------+-------------------------------------------
     0 | D:1      | EnegeticOcto the Troll Earth Elementalist began the quest
                  | for the Orb.
     0 | D:1      | Reached XP level 1. HP: 16/16 MP: 1/1
    40 | D:1      | Reached skill level 1 in Unarmed Combat
    93 | D:1      | Reached XP level 2. HP: 24/24 MP: 2/2
   221 | D:1      | Reached skill level 2 in Unarmed Combat
   615 | D:2      | Reached XP level 3. HP: 31/31 MP: 3/3
   618 | D:2      | You fall into a shaft and drop 1 floor!
   657 | D:3      | Noticed Natasha
   668 | D:3      | Killed Natasha
   669 | D:3      | Reached skill level 3 in Unarmed Combat
   969 | D:2      | Reached XP level 4. HP: 35/39 MP: 4/4
  1075 | D:2      | Reached skill level 4 in Unarmed Combat
  1331 | D:3      | Noticed Natasha
  1344 | D:3      | Killed Natasha
  1362 | D:3      | Reached XP level 5. HP: 39/45 MP: 5/5
  1414 | D:3      | Found a faded altar of an unknown god.
  1447 | D:3      | Became a worshipper of Dithmenos the Shadowed
  1447 | D:3      | Reached * piety under Dithmenos
  1486 | D:3      | Noticed Natasha
  1495 | D:3      | Killed Natasha
  1496 | D:3      | Reached skill level 5 in Unarmed Combat
  1707 | D:3      | Identified a scroll of acquirement
  1709 | D:3      | Acquired the +6 arbalest "Damnation" {damnation}
  1710 | D:3      | Found the +6 arbalest "Damnation" {damnation}
  1880 | D:4      | Found a shadowy altar of Dithmenos.
  1883 | D:4      | Found a burning altar of Makhleb.
  1886 | D:4      | Found a shimmering altar of Xom.
  1889 | D:4      | Found an opulent altar of Gozag.
  2093 | D:4      | Noticed a black bear
  2100 | D:4      | Killed a black bear
  2101 | D:4      | Reached skill level 1 in Fighting
  2101 | D:4      | Reached XP level 6. HP: 55/55 MP: 6/6
  2157 | D:4      | Noticed Ijyb
  2160 | D:4      | Killed Ijyb
  2332 | D:4      | Noticed a steam dragon
  2334 | D:4      | Killed a steam dragon
  2335 | D:4      | Reached skill level 2 in Fighting
  2335 | D:4      | Reached skill level 2 in Stealth
  2805 | D:5      | Entered Level 5 of the Dungeon
  2805 | D:5      | Noticed a sky beast
  2808 | D:5      | Reached XP level 7. HP: 63/66 MP: 7/7
  2808 | D:5      | Reached ** piety under Dithmenos
  2813 | D:5      | Noticed a steam dragon
  2823 | D:5      | Killed a steam dragon
  2824 | D:5      | Reached skill level 3 in Fighting
  2825 | D:5      | Reached skill level 3 in Stealth
  3064 | D:5      | Found a staircase to the Ecumenical Temple.
  3122 | D:5      | Reached skill level 4 in Fighting
  3154 | D:5      | Found a snail-covered altar of Cheibriados.
  3417 | D:6      | Reached skill level 2 in Dodging
  3429 | D:5      | Reached XP level 8. HP: 64/78 MP: 8/8
  3453 | D:5      | Reached skill level 3 in Dodging
  3520 | D:6      | Reached skill level 4 in Dodging
  3618 | D:6      | Noticed Blork the orc
  3632 | D:6      | Killed Blork the orc
  3667 | D:6      | Identified the +6 mace "Hurghea" {vorpal, Int+10 Dex-4}
  3825 | D:6      | Reached skill level 6 in Unarmed Combat
  3892 | D:6      | Reached skill level 5 in Fighting
  4030 | D:6      | Reached *** piety under Dithmenos
  4031 | D:6      | Reached skill level 7 in Unarmed Combat
  4219 | D:6      | Found a runed translucent door.
  4220 | D:6      | Noticed Crazy Yiuf
  4224 | D:6      | Killed Crazy Yiuf
  4225 | D:6      | Reached XP level 9. HP: 88/88 MP: 9/9
  4442 | D:7      | Noticed a manticore
  4445 | D:7      | Killed a manticore
  4446 | D:7      | Reached skill level 6 in Fighting
  4446 | D:7      | Reached skill level 8 in Unarmed Combat
  4474 | D:7      | Noticed Maggie
  4477 | D:7      | Killed Maggie
  4611 | D:7      | Reached skill level 9 in Unarmed Combat
  5104 | D:8      | Learned a level 2 spell: Passwall
  5129 | D:8      | Found a sacrificial altar of Ru.
  5185 | D:8      | Reached skill level 10 in Unarmed Combat
  5200 | D:8      | Reached **** piety under Dithmenos
  5233 | D:8      | Noticed an efreet
  5233 | D:8      | Noticed a seven-headed hydra
  5236 | D:8      | Noticed a cane toad
  5236 | D:8      | a hornet changed into a cane toad
  5236 | D:8      | Noticed a gargoyle
  5238 | D:8      | Killed a seven-headed hydra
  5238 | D:8      | Noticed a cyclops
  5239 | D:8      | Reached XP level 10. HP: 70/100 MP: 10/10
  5239 | D:8      | Killed a gargoyle
  5241 | D:8      | Reached skill level 7 in Fighting
  5241 | D:8      | Killed a cyclops
  5241 | D:8      | Noticed a cyclops
  5242 | D:8      | Noticed a manticore
  5243 | D:8      | Killed a cyclops
  5244 | D:8      | Killed a manticore
  5245 | D:8      | Reached skill level 8 in Fighting
  5651 | D:8      | Noticed a cyclops
  5655 | D:8      | Killed a cyclops
  5693 | D:8      | Reached skill level 9 in Fighting
  5934 | D:9      | Noticed a cyclops
  5944 | D:8      | Killed a cyclops
  6075 | D:9      | Reached XP level 11. HP: 115/115 MP: 11/11
  6338 | D:9      | Reached skill level 10 in Fighting
  6344 | D:9      | Reached skill level 1 in Crossbows
  6346 | D:9      | Reached ***** piety under Dithmenos
  6705 | D:9      | Noticed an orange crystal statue
  6706 | D:9      | Noticed a two-headed ogre
  6710 | D:9      | Killed an orange crystal statue
  6711 | D:9      | Reached skill level 2 in Crossbows
  6721 | D:9      | Identified the amulet of Roinager {Faith rC+ Str-4 Int+3
                  | Stlth+}
  6724 | D:9      | Identified Nilown's Reference Book on Mutagenic Necromancy
  6848 | D:10     | Entered Level 10 of the Dungeon
  6874 | D:10     | Found Rifilexydd's Assorted Antiques.
  6882 | D:10     | Bought an onyx ring for 160 gold pieces
  6882 | D:10     | Bought a lumpy yellow potion for 28 gold pieces
  6901 | D:10     | Reached skill level 3 in Crossbows
  7042 | D:10     | Noticed a two-headed ogre
  7091 | D:10     | Killed a two-headed ogre
  7092 | D:10     | Reached skill level 4 in Crossbows
  7770 | D:11     | Noticed a five-headed hydra
  7779 | D:11     | Reached skill level 5 in Crossbows
  7779 | D:11     | Killed a five-headed hydra
  7807 | D:11     | Reached skill level 6 in Crossbows
  8035 | D:11     | Found a snail-covered altar of Cheibriados.
  8100 | D:11     | Found a staircase to the Lair.
  8188 | D:11     | Noticed Grum
  8202 | D:11     | Killed Grum
  8302 | Lair:1   | Entered Level 1 of the Lair of Beasts
  8358 | Lair:1   | Reached XP level 12. HP: 116/126 MP: 12/12
  8454 | Lair:1   | Reached skill level 7 in Crossbows
  8499 | Lair:1   | Noticed an eight-headed hydra
  8509 | Lair:1   | Killed an eight-headed hydra
  8532 | Lair:1   | Identified the amulet of Temperance {Acrobat rPois rN+
                  | Dex+4}
  8646 | Lair:1   | Found a runed translucent gate.
  8646 | Lair:1   | Found a runed translucent gate.
  8646 | Lair:1   | Found a runed translucent gate.
  8646 | Lair:1   | Noticed EnegeticOcto's ghost (journeyman GnVM)
  8886 | Lair:1   | Noticed a four-headed hydra
  8892 | Lair:1   | Killed a four-headed hydra
  8893 | Lair:1   | Reached skill level 8 in Crossbows
  8938 | Lair:1   | Noticed a seven-headed hydra
  8947 | Lair:1   | Killed a seven-headed hydra
  8980 | Lair:1   | Noticed a catoblepas
  8995 | Lair:1   | Killed a catoblepas
  9539 | Lair:2   | Noticed a seven-headed hydra
  9548 | Lair:2   | Killed a seven-headed hydra
  9604 | Lair:2   | Reached skill level 9 in Crossbows
 10183 | Lair:2   | Noticed a seven-headed hydra
 10190 | Lair:2   | Killed an eight-headed hydra
 10432 | Lair:2   | Found a staircase to the Swamp.
 10554 | Lair:3   | Reached ****** piety under Dithmenos
 10566 | Lair:3   | Noticed a five-headed hydra
 10567 | Lair:3   | Noticed an eight-headed hydra
 10574 | Lair:3   | Killed a five-headed hydra
 10574 | Lair:3   | Noticed Prince Ribbit
 10575 | Lair:3   | Reached skill level 10 in Crossbows
 10575 | Lair:3   | Reached XP level 13. HP: 113/133 MP: 13/13
 10579 | Lair:3   | Killed Prince Ribbit
 11454 | Lair:4   | Found a hole to the Spider Nest.
 11665 | Lair:4   | Found an opulent altar of Gozag.
 11690 | Lair:4   | Found a runed translucent gate.
 11695 | Lair:4   | Found a runed translucent gate.
 11696 | Lair:4   | Found a runed translucent gate.
 11698 | Lair:4   | Noticed Mexzic's ghost (journeyman TeCj)
 11791 | Lair:4   | Reached skill level 11 in Crossbows
 12788 | Lair:5   | Noticed Josephine
 12792 | Lair:5   | Killed Josephine
 12793 | Lair:5   | Reached skill level 12 in Crossbows
 12981 | Lair:5   | Found a runed translucent door.
 13008 | Lair:5   | Identified the +1 whip of Rughues {flame, *Slow rC+ Dex+7}
 13010 | Lair:5   | Identified the +2 hat of the Echidna {rF+ rC+ rN+}
 13125 | Lair:6   | Entered Level 6 of the Lair of Beasts
 13360 | Lair:6   | Reached XP level 14. HP: 128/143 MP: 14/14
 13360 | Lair:6   | Paralysed by a hornet for 2 turns
 13387 | Lair:6   | Paralysed by a hornet for 1 turns
 13738 | Lair:6   | Found a viscous altar of Jiyva.
 13739 | Lair:6   | Found a staircase to the Slime Pits.
 14494 | D:12     | Found a staircase to the Orcish Mines.
 14626 | D:12     | Reached skill level 13 in Crossbows
 15026 | D:12     | Found an ancient bone altar of Kikubaaqudgha.
 15477 | Orc:1    | Entered Level 1 of the Orcish Mines
 15650 | Orc:1    | Found Woostr Taul's Armour Shoppe.
 15853 | Orc:2    | Entered Level 2 of the Orcish Mines
 16122 | Orc:2    | Found Ohibrun's Magic Scroll Shop.
 16226 | Orc:2    | Bought a scroll of acquirement for 780 gold pieces
 16227 | Orc:2    | Acquired 1178 gold pieces
 16229 | Orc:2    | Acquired 962 gold pieces
 16252 | Orc:2    | Noticed an orc warlord
 16303 | Orc:2    | Noticed Urug
 16318 | Orc:2    | Killed Urug
 16405 | Orc:2    | Killed an orc warlord
 16486 | Orc:2    | Reached skill level 14 in Crossbows
 16531 | Orc:2    | Found Tyt Vuyh's Jewellery Emporium.
 16572 | Orc:2    | Found Kiokhavyr's Antique Weapon Emporium.
 16575 | Orc:2    | Found Musynt's General Store.
 16732 | Orc:2    | Noticed Snorg
 16735 | Orc:2    | Killed Snorg
 16777 | Orc:2    | Found a staircase to the Elven Halls.
 17103 | Orc:2    | Found Zicsiwy's Antique Armour Emporium.
 17545 | Orc:2    | Bought a scroll of teleportation for 45 gold pieces
 17545 | Orc:2    | Bought a scroll of teleportation for 45 gold pieces
 17545 | Orc:2    | Bought a scroll of teleportation for 45 gold pieces
 17545 | Orc:2    | Bought 3 scrolls of teleportation for 135 gold pieces
 17566 | Orc:2    | Bought a scroll of fog for 34 gold pieces
 17566 | Orc:2    | Bought a scroll of enchant weapon for 127 gold pieces
 17583 | Orc:2    | Bought a ring of willpower for 425 gold pieces
 17583 | Orc:2    | Bought a +4 ring of protection for 612 gold pieces
 17817 | D:13     | Reached XP level 15. HP: 142/149 MP: 15/15
 18055 | D:13     | Found Faet's Assorted Antiques.
 18088 | D:13     | Found a basalt altar of Yredelemnul.
 18571 | D:14     | Noticed Louise
 18575 | D:14     | Cast into level 2 of the Abyss (Louise)
 18613 | Abyss:2  | Found a corrupted altar of Lugonu.
 18615 | Abyss:2  | Found a hazy altar of Hepliaklqana.
 18615 | Abyss:2  | Found a corrupted altar of Lugonu.
 18625 | Abyss:2  | Fell from the grace of Dithmenos
 18625 | Abyss:2  | Became a worshipper of Lugonu the Unformed
 18625 | Abyss:2  | Reached * piety under Lugonu
 18626 | D:14     | Escaped the Abyss
 18628 | D:14     | Killed Louise
 18788 | D:14     | Reached skill level 15 in Crossbows
 19145 | D:14     | Noticed a Tzitzimitl
 19153 | D:15     | Entered Level 15 of the Dungeon
 19460 | D:15     | Quit the game

Illustrated notes

Levels and vault maps discovered:
D:1:      dpeg_arrival_rooms_with_view, layout_basic
D:2:      layout_loops_ring
D:3:      layout_rooms, basic_ecumenical_altar, fountainhead, uniq_natasha
D:4:      layout_basic, grunt_temple_overflow_cloverleaf, minmay_goblin_outpost,
          uniq_ijyb
D:5:      layout_rooms, lemuel_tele_altar, minmay_temple_entry_glassed_door,
          serial_bayou_pond_e, chequers_serial_rivers_room_a
D:6:      layout_rooms, minmay_crossroads, uniq_blork_the_orc,
          uniq_crazy_yiuf_cottage
D:7:      layout_basic, uniq_maggie
D:8:      layout_gridville, nicolae_ru_sacrificial_ziggurat, minmay_the_grid_2x2
          [minmay_the_grid_square_x, minmay_the_grid_medium_cups,
          minmay_the_grid_x, minmay_the_grid_prize_inner_circle]
D:9:      layout_irregular_city, st_stairs_13, hangedman_decor_points,
          minivault_11, grunt_ministairs_8, minivault_15
D:10:     layout_roguey, serial_shops, shop, hex_large, minmay_holes,
          minmay_fountain_box
D:11:     layout_loops_cross, lair_entry_dummy, kennysheep_slug_shrine,
          uniq_grum
D:12:     layout_loops_ring, erik_orc_3, minmay_misc_feat_room,
          kennysheep_vampire_church
D:13:     layout_basic, serial_shops, nicolae_shop_trees,
          nicolae_yredelemnul_corpse_copse
D:14:     layout_irregular_city, grunt_vaults_entry_fortified,
          serial_park_square2, uniq_louise
D:15:     grunt_enter_depths_hoard, layout_rooms, chequers_decorated_corner,
          uniq_nessos
Lair:1:   layout_loops_ring, ebering_ghost_rock_garden,
          hangedman_lair_generics_rect
Lair:2:   layout_regular_city, nicolae_swamp_entry_splash_gauntlet,
          grunt_megastairs_2
Lair:3:   layout_long_grid, grunt_megastairs_4, minmay_lair_oklob_chamber,
          uniq_prince_ribbit2
Lair:4:   layout_long_grid, spider_nest_entry_web_field,
          gammafunk_ghost_hydra_chop, basic_altar, minmay_hedge_maze,
          beast_lair_carwin_6
Lair:5:   gammafunk_indiana_jones, layout_regular_city, grunt_megastairs_3,
          uniq_josephine
Lair:6:   hangedman_lair_tendril_chambers, layout_big_grid,
          dpeg_slime_entry_enclosed_altar, minivault_24
Orc:1:    layout_caves, serial_shops, shop
Orc:2:    grunt_orc_cross, layout_caves, serial_shops, shop, uniq_snorg

Skill      XL: |  1  2  3  4  5  6  7  8  9 10 11 12 13 14 15 |
---------------+----------------------------------------------+-----
Unarmed Combat | 1 2 3 4 5 7 10 | 10.8
Fighting       | 1 2 4 5 6 9 10 | 10.0
Stealth        | 2 3 |  3.0
Dodging        | 2 4 |  4.0
Crossbows      | 6 10 12 14 15 | 15.3
Spellcasting   | |  1.2
Transmutations | |  0.6
Earth Magic    | |  2.6

Action                   |  1- 3 |  4- 6 |  7- 9 | 10-12 | 13-15 || total
-------------------------+-------+-------+-------+-------+-------++-------
Melee: Unarmed           |    94 |    72 |   215 |   497 |  1049 ||  1927
       Punch             |     3 |     1 |     6 |    35 |    82 ||   127
 Fire: Arbalest          |       |     6 |    18 |    50 |   190 ||   264
Throw: Boomerang         |       |     8 |     4 |       |     5 ||    17
Invok: Depart the Abyss  |       |       |       |       |     1 ||     1
Evoke: Wand              |       |       |       |     3 |     2 ||     5
       Phantom mirror    |       |       |       |       |     1 ||     1
  Use: Scroll            |       |     4 |     7 |    19 |    14 ||    44
       Potion            |       |       |       |     1 |     3 ||     4
 Stab: Sleeping          |     1 |     1 |     1 |     6 |    14 ||    23
       Distracted        |       |       |     2 |     3 |       ||     5
       Petrified         |       |       |       |       |     1 ||     1
Armor: Robe              |    37 |     8 |    16 |       |       ||    61
       Steam dragon scal |       |       |    43 |    39 |       ||    82
       Acid dragon scale |       |       |       |    85 |   606 ||   691
       Troll leather arm |       |       |       |    35 |       ||    35
Dodge: Dodged            |    43 |    33 |   112 |   261 |   647 ||  1096

Table legend: (Time is in decaauts)
 A = Elapsed time spent in this place.
 B = Non-inter-level travel time spent in this place.
 C = Inter-level travel time spent in this place.
 D = Time resting spent in this place.
 E = Time spent auto-exploring this place.
 F = Levels seen in this place.
 G = Mean time per level.
                   A        B        C        D        E       F      G
               +--------+--------+--------+--------+--------+-----+--------+
         Total |  19206 |  18203 |   1003 |    606 |  13304 |  24 |  800.2 |
       Dungeon |  11207 |  10613 |    594 |    297 |   7910 |  15 |  747.1 |
          Lair |   5923 |   5671 |    252 |    176 |   4356 |   6 |  987.2 |
  Orcish Mines |   2024 |   1867 |    157 |    133 |   1037 |   2 | 1012.0 |
         Abyss |     50 |     50 |      0 |      0 |      0 |   1 |   50.0 |
               +--------+--------+--------+--------+--------+-----+--------+

Top non-repeatable levels by time:
   Orc:2: 1296 daAuts
  Lair:1: 1225 daAuts
    D:12: 1175 daAuts
  Lair:6: 1078 daAuts
     D:4: 1067 daAuts
  Lair:2: 1009 daAuts
  Lair:4: 962 daAuts
    D:13: 897 daAuts
     D:8: 873 daAuts
     D:9: 858 daAuts
  Lair:5: 827 daAuts
  Lair:3: 821 daAuts
     D:7: 809 daAuts
     D:6: 799 daAuts
    D:11: 773 daAuts
